 Dungeon Crawl Stone Soup version 0.31-a0-210-gccc998df9b (webtiles) character file.

Game seed: 13248719211673503245

190 qw the Chopper (level 5, 0/33 HPs)
             Began as a Gargoyle Fighter on June 29, 2023.
             Killed from afar by Pikel (3 damage)
             ... with a puff of flame
             ... on level 4 of the Dungeon.
             The game lasted 00:01:16 (2710 turns).

qw the Chopper (Gargoyle Fighter)                   Turns: 2710, Time: 00:01:17

Health: 0/33       AC: 18    Str: 21    XL:     5   Next: 69%
Magic:  5/5        EV:  7    Int:  9    God:
Gold:   178        SH:  9    Dex:  9    Spells: 4/4 levels left

rFire   . . .        Y - +0 war axe
rCold   . . .        c - +0 buckler
rNeg    + . .        j - +0 chain mail
rPois   inf          g - +0 helmet
rElec   +            (no cloak)
rCorr   .            (no gloves)
SInv    +            (no boots)
Will    .....        o - amulet of reflection Stlth
                     n - +4 ring of protection
HPRegen 0.25/turn    h - ring of see invisible
MPRegen 0.09/turn

%: reflection
@: no status effects
A: sickness immunity, AC +4, negative energy resistance 1, electricity
resistance, torment resistance 1, petrification resistance
a: no special abilities


You were on level 4 of the Dungeon.
You visited 1 branch of the dungeon, and saw 4 of its levels.

You collected 178 gold pieces.


Innate Abilities, Weirdness & Mutations

You are immune to sickness and miasma.
Your stone body is resilient. (AC +4)
You are immune to poison.
You resist negative energy. (rN+)
You are resistant to electric shocks. (rElec)
You are resistant to unholy torment.
You are immune to petrification.


   Skills:
 + Level 3.7 Fighting
 - Level 5.0 Axes
 - Level 3.2 Armour
 - Level 3.2 Shields


You had 4 spell levels left.
You didn't know any spells.
Your spell library was empty.

Inventory:

Hand Weapons
 a - a +0 morningstar
 Y - a +0 war axe (weapon)
Armour
 c - a +0 buckler (worn)
 g - a +0 helmet (worn)
 j - a +0 chain mail (worn)
Jewellery
 h - a ring of see invisible (right hand)
 k - a ring of resist corrosion
 n - a +4 ring of protection (left hand)
 o - an amulet of reflection (around neck)
Scrolls
 b - 5 scrolls of identify
 e - a scroll of fog {unknown}
Potions
 d - 2 potions of might
 f - a potion of haste
 i - a potion of curing
 l - a potion of attraction

Dungeon Overview and Level Annotations

Branches:
Dungeon (4/15)
 Temple: D:4-7

Altars:
Cheibriados
Gozag
Uskayaw

Annotations:
D:4 Pikel


Message History

Pikel hits you but does no damage.
You completely miss Pikel.
Pikel is heavily wounded.
You hit the lemure but do no damage. You closely miss the lemure.
You block the lemure's attack.
Pikel hits you with a +0 whip of flaming.
Pikel burns you. The lemure barely misses you.
You barely miss Pikel.
Pikel is heavily wounded.
You hit the lemure but do no damage. You barely miss the lemure.
The lemure hits you but does no damage. You block the lemure's attack.
You block Pikel's attack.
You barely miss Pikel.
Pikel is heavily wounded.
You hit the lemure but do no damage. You hit the lemure.
The lemure hits you but does no damage. You block the lemure's attack.
You block Pikel's attack.
You hit the lemure but do no damage.
The lemure is heavily wounded.
You closely miss the lemure. You barely miss Pikel. You block Pikel's attack.
The lemure hits you but does no damage. x2
The lemure barely misses you. The lemure hits you but does no damage.
Pikel hits you but does no damage.
You barely miss the lemure.
The lemure is heavily wounded.
You closely miss Pikel. You slash the lemure!
The lemure hits you but does no damage. x2
Pikel cracks his whip.
Pikel hits you but does no damage.
You slash the lemure!
The lemure is almost dead.
You barely miss the lemure. You hit Pikel. The lemure hits you.
You block the lemure's attack. Pikel hits you but does no damage.
You closely miss the lemure.
The lemure is almost dead.
You barely miss Pikel. You hit the lemure.
The lemure hits you but does no damage.
Pikel zaps a wand.
The puff of flame hits you.
You die...

### ..# ###.## ....
... #.# #. #%## #.
#@5## #. ##K5g## #
#.##.#.#.##.#
#...........#
#.##.#.#.####
#.#.###...#####
#..)%<..........
.......####.######K
####### #.#


You could see Pikel, 2 lemures and a hobgoblin.

Vanquished Creatures
  2 lemures (D:4)
  Natasha (thrice) (D:2)
  Robin (D:2)
  3 adders
  A worm (D:2)
  3 dart slugs
  4 endoplasms
  4 giant cockroaches
  14 goblins
  12 hobgoblins
  4 jackals (D:3)
  3 kobolds
  A quokka (D:4)
  4 ball pythons
  2 bats
  7 rats
68 creatures vanquished.

Notes
Turn   | Place    | Note
-------+----------+-------------------------------------------
     0 | D:1      | qw the Gargoyle Fighter began the quest for the Orb.
     0 | D:1      | Reached XP level 1. HP: 14/14 MP: 1/1
     0 | D:1      | 0 ||| qw: Version: 0.3-a-24-ga2abf7b
     0 | D:1      | 0 ||| qw: Game counter: 6925
     0 | D:1      | 0 ||| qw: Melee chars always use a shield: true
     0 | D:1      | 0 ||| qw: God list: Okawaru
     0 | D:1      | 0 ||| qw: Allow faded altars: false
     0 | D:1      | 0 ||| qw: Do Orc after clearing Dungeon:15 true
     0 | D:1      | 0 ||| qw: Do second Lair branch before Depths: true
     0 | D:1      | 0 ||| qw: Lair rune preference: random
     0 | D:1      | 0 ||| qw: Goals: Normal, Zot:1-4, Slime:5, God:TSO, Crypt,
                  | Tomb, Abyss, Pan, Hells, Win
     0 | D:1      | 0 ||| PLANNING D:1-11
    84 | D:1      | Reached skill level 2 in Axes
   431 | D:1      | Reached XP level 2. HP: 19/19 MP: 2/2
   765 | D:1      | Reached skill level 3 in Axes
   808 | D:1      | 808 ||| UPGRADING to +0 chain mail.
   818 | D:1      | 818 ||| DROPPING +0 scale mail.
   819 | D:1      | 819 ||| READING scroll labelled FAB YSKYSE.
   820 | D:1      | 820 ||| READING scroll labelled TAUTILO HAOZXI.
   821 | D:1      | 821 ||| READING scroll labelled FINUERGH ANOBBU.
   876 | D:2      | 876 ||| STAIRDANCE
   892 | D:2      | Reached XP level 3. HP: 23/23 MP: 3/3
   919 | D:2      | Found the +7 staff of the Meek {protect, meekguard}
   939 | D:2      | Noticed Natasha
   947 | D:2      | Killed Natasha
   948 | D:2      | Reached XP level 4. HP: 22/28 MP: 4/4
   974 | D:2      | Noticed Robin
   981 | D:2      | Killed Robin
   982 | D:2      | Reached skill level 4 in Axes
  1021 | D:2      | 1021 ||| DROPPING +0 club.
  1186 | D:2      | Noticed Natasha
  1187 | D:2      | 1187 ||| Stepping ~*~*~tactically~*~*~ (hiding).
  1188 | D:2      | 1188 ||| Stepping ~*~*~tactically~*~*~ (hiding).
  1195 | D:2      | Killed Natasha
  1264 | D:2      | Noticed Natasha
  1274 | D:2      | Killed Natasha
  1275 | D:2      | Reached XP level 5. HP: 27/32 MP: 5/5
  1408 | D:2      | 1408 ||| Stepping ~*~*~tactically~*~*~ (stealth).
  1423 | D:2      | 1423 ||| DROPPING +0 mace.
  1460 | D:2      | Found a hide-covered altar of Uskayaw.
  1462 | D:2      | 1462 ||| Stepping ~*~*~tactically~*~*~ (stealth).
  1820 | D:2      | 1820 ||| UPGRADING to +0 helmet.
  1825 | D:2      | 1825 ||| UPGRADING to ring of resist corrosion.
  1826 | D:2      | 1826 ||| READING 6 scrolls labelled AMIYDGH LAUMIO.
  1827 | D:2      | 1827 ||| READING scroll labelled UHAONN VEVAUKK.
  1828 | D:2      | 1828 ||| DRINKING 2 metallic orange potions.
  1829 | D:2      | 1829 ||| READING 5 scrolls of identify.
  1829 | D:2      | 1829 ||| IDENTIFYING bubbling black potion
  1995 | D:3      | Reached skill level 5 in Axes
  2195 | D:3      | Found a snail-covered altar of Cheibriados.
  2195 | D:3      | Found an opulent altar of Gozag.
  2586 | D:3      | 2586 ||| DROPPING orb of guile.
  2587 | D:3      | 2587 ||| UPGRADING to amulet of reflection.
  2592 | D:3      | 2592 ||| UPGRADING to ring of see invisible.
  2593 | D:3      | 2593 ||| UPGRADING to +4 ring of protection.
  2595 | D:3      | 2595 ||| READING scroll labelled TUOJYD BUJE.
  2596 | D:3      | 2596 ||| DRINKING 2 purple potions.
  2646 | D:4      | Noticed a lemure
  2661 | D:4      | Killed a lemure
  2679 | D:4      | Noticed a lemure
  2680 | D:4      | Noticed Pikel
  2680 | D:4      | 2680 ||| Stepping ~*~*~tactically~*~*~ (stealth).
  2691 | D:4      | Killed a lemure
  2692 | D:4      | Noticed a lemure
  2695 | D:4      | Noticed a lemure
  2704 | D:4      | HP: 7/33 [Pikel/+0 whip of flaming (4)]
  2709 | D:4      | HP: 3/33 [lemure[Pikel] (4)]
  2710 | D:4      | Killed from afar by Pikel

Levels and vault maps discovered:
D:1:      scummos_arrival_gate, layout_loops_corners,
          chequers_serial_rivers_micro_d
D:2:      minmay_general_purpose_star, layout_basic, basic_altar, uniq_robin,
          uniq_natasha
D:3:      layout_basic, nicolae_overflow_two_pavilions
D:4:      layout_loops_ring, marbit_many_paths, nicolae_uskayaw_en_pointe,
          kennysheep_little_box, nicolae_tso_besieged_by_evil, uniq_pikel

Skill      XL: |  1  2  3  4  5 |
---------------+----------------+-----
Axes           | 2 3 4 5 |  5.0
Fighting       | |  3.7
Armour         | |  3.2
Shields        | |  3.2

Action                     |  1- 3 |  4- 6 || total
---------------------------+-------+-------++-------
  Melee: War axe           |    69 |   139 ||   208
    Use: Scroll            |     3 |     4 ||     7
         Potion            |       |     2 ||     2
 Armour: Scale mail        |    22 |       ||    22
         Chain mail        |     8 |    97 ||   105
  Dodge: Dodged            |    30 |    46 ||    76
  Block: Buckler           |    14 |    40 ||    54
         Reflection        |       |     1 ||     1

Table legend:
 A = Non-vault XP
 B = Vault XP
 C = Vault XP percentage of total XP
 D = Non-vault monster count
 E = Vault monster count
 F = Vault count percentage of total count
                 A         B        C        D         E       F
            +---------+---------+-------+---------+---------+-------
      Total |     193 |      79 |  29.0 |      48 |      18 |  27.3
            +---------+---------+-------+---------+---------+-------
        D:1 |      32 |       0 |   0.0 |      17 |       0 |   0.0
        D:2 |      97 |      79 |  44.9 |       9 |      18 |  66.7
        D:3 |      59 |       0 |   0.0 |      19 |       0 |   0.0
        D:4 |       5 |       0 |   0.0 |       3 |       0 |   0.0
            +---------+---------+-------+---------+---------+-------
